 Dungeon Crawl Stone Soup version 0.19.0-11-g3fc08b3 (webtiles) character file.

1677 Lochraine the Archer (level 8, -1/59 HPs)
             Began as a Centaur Arcane Marksman on Nov 8, 2016.
             Was an Initiate of Fedhas.
             Slain by a worker ant (4 damage)
             ... on level 6 of the Dungeon.
             The game lasted 00:25:55 (8815 turns).

Lochraine the Archer (Centaur Arcane Marksman)      Turns: 8815, Time: 00:25:56

Health: -1/59      AC:  5    Str: 15    XL:     8   Next: 70%
Magic:  11/11      EV: 11    Int: 12    God:    Fedhas [......]
Gold:   217        SH:  0    Dex: 10    Spells: 2 memorised, 8 levels left

rFire  + . .     SeeInvis .     b - +0 mace (drain)
rCold  + . .     Gourm    .     q - +0 robe {rN+}
rNeg   + . .     Faith    .     (no shield)
rPois  +         Spirit   .     (no helmet)
rElec  +         Reflect  .     l - +0 cloak
rCorr  +         Harm     .     (no gloves)
MR     .....                    (no barding)
Stlth  +.........               (no amulet)
                                (no ring)
                                n - ring of flight

@: lethally poisoned (-1 -> -14), resistant, flying, very quick
A: hooves 3, deformed body, speed 2, tough skin 3
a: Fungal Bloom, Renounce Religion


You were on level 6 of the Dungeon.
You worshipped Fedhas.
Fedhas was noncommittal.
You were not hungry.

You visited 2 branches of the dungeon, and saw 7 of its levels.

You collected 217 gold pieces.

Inventory:

Hand Weapons
 a - a +0 shortbow
 b - a +0 mace of draining (weapon)
 k - a +0 short sword
 D - a +2 whip of flaming
Missiles
 d - 15 arrows
Armour
 e - a +0 robe
 l - a +0 cloak (worn)
 q - a +0 robe of positive energy (worn)
 r - a +0 chain mail of cold resistance
Jewellery
 j - an uncursed amulet of rage {unknown}
 n - a ring of flight (left hand)
 u - an uncursed ring of ice {unknown}
Wands
 g - a wand of acid (3/15)
 h - a wand of lightning (8/15)
 A - a wand of digging (9/24)
Scrolls
 o - a scroll of random uselessness
 x - a scroll of remove curse
 y - 2 scrolls of teleportation
Potions
 p - a potion of cure mutation
 s - a potion of might
 v - a potion of magic {unknown}
 w - a potion of curing {unknown}
 z - a potion of cancellation {unknown}
Books
 c - a book of Debilitation

   Spells                             Type                      Level
   a - Corona                         Hexes                        1
   b - Slow                           Hexes                        2
   c - Gell's Gravitas                Hexes/Translocation          3
   d - Inner Flame                    Hexes/Fire                   3
   e - Cause Fear                     Hexes                        4
   f - Leda's Liquefaction            Hexes/Earth                  4
Comestibles
 f - 5 bread rations
 t - 2 royal jellies
 C - a meat ration


   Skills:
 + Level 1.4 Fighting
 - Level 0.3 Maces & Flails
 * Level 11.2 Bows
 - Level 4.0 Dodging
 - Level 0.2 Stealth
 - Level 2.3 Spellcasting
 - Level 4.3 Hexes


You had 8 spell levels left.
You knew the following spells:

 Your Spells              Type           Power        Failure   Level  Hunger
a - Corona                Hex            ##.....      6%          1    ##.....
b - Slow                  Hex            ##......     10%         2    ###....


Dungeon Overview and Level Annotations

Branches:
Dungeon (6/15)             Temple (1/1) D:4

Altars:
Ashenzari
Cheibriados
Dithmenos
Elyvilon
Fedhas
Gozag
Hepliaklqana
Kikubaaqudgha
Makhleb
Nemelex Xobeh
Okawaru
Ru
Sif Muna
Uskayaw
Vehumet
Xom
Zin
The Shining One

Shops:
D:4 }


Innate Abilities, Weirdness & Mutations

You have hooves in place of feet.
Armour fits poorly on your strangely shaped body.
You cover ground very quickly.
You have extremely tough skin. (AC +3)


Message History

The worker ant waves its antennae.
The worker ant bites you.
* * * LOW HITPOINT WARNING * * *
You are more poisoned.
The worker ant poisons you!
You hit the worker ant. Your kick misses the worker ant.
The worker ant is almost dead.
* * * LOW HITPOINT WARNING * * *
You feel sick. The worker ant completely misses you.
It was a potion of cure mutation.
It has a very clean taste.
* * * LOW HITPOINT WARNING * * *
You feel sick. The worker ant bites you.
* * * LOW HITPOINT WARNING * * *
The worker ant misses you.
It was a potion of resistance.
You feel protected.
* * * LOW HITPOINT WARNING * * *
You feel sick. The worker ant bites you.
You die...
Fedhas appreciates your contribution to the ecosystem.

#.# #.####z#### #.#
#.......... #.#
##......## #.#
#......# #.#
#..._..# #.##
#......# #..#
##.:...# ##.#
###.a## #.# #@#
#.########.#
#.........?#
#.......#####
#............
##......#####
#.....<####### #
#..#.#..........##
#..#.#.#######...##


You could see a worker ant.

Vanquished Creatures
  Pikel (D:4)
  Edmund (D:5)
  An ice beast (D:5)
  A phantom (D:5)
  2 slaves (D:4)
  A centaur (D:5)
  A scorpion (D:4)
  A howler monkey (D:3)
  A wight (D:6)
  A crimson imp (D:6)
  A hound (D:5)
  3 orc priests
  3 bullfrog skeletons
  2 iguanas
  5 orc wizards
  A worker ant (D:4)
  3 gnolls (D:2)
  10 adders
  An ooze (D:5)
  An adder zombie (D:5)
  An adder skeleton (D:6)
  4 leopard geckos
  23 orcs
  5 bats
  2 bat zombies (D:5)
  5 giant cockroaches
  7 goblins
  7 hobgoblins
  4 jackals (D:1)
  6 kobolds
  A quokka (D:6)
  3 ball pythons
  2 frilled lizards (D:1)
  A giant cockroach zombie (D:6)
  2 jackal skeletons
  A leopard gecko skeleton (D:5)
  10 rats
  A rat zombie (D:5)
126 creatures vanquished.

Vanquished Creatures (others)
  18 toadstools
18 creatures vanquished.

Grand Total: 144 creatures vanquished

Notes
Turn   | Place    | Note
-------+----------+-------------------------------------------
     0 | D:1      | Lochraine the Centaur Arcane Marksman began the quest for the Orb.
     0 | D:1      | Reached XP level 1. HP: 16/16 MP: 2/2
   100 | D:1      | Reached skill level 3 in Bows
   210 | D:1      | Reached XP level 2. HP: 23/23 MP: 3/3
  1031 | D:2      | Reached XP level 3. HP: 28/28 MP: 4/4
  1050 | D:2      | Reached skill level 4 in Bows
  1472 | D:2      | Reached skill level 5 in Bows
  1472 | D:2      | Reached XP level 4. HP: 33/35 MP: 2/5
  1896 | D:3      | Reached skill level 6 in Bows
  1896 | D:3      | Reached XP level 5. HP: 7/40 MP: 4/6
  2662 | D:3      | Found a faded altar of an unknown god.
  2759 | D:3      | Learned a level 2 spell: Slow
  3091 | D:4      | Reached skill level 7 in Bows
  3158 | D:4      | Found a staircase to the Ecumenical Temple.
  3171 | Temple   | Entered the Ecumenical Temple
  3260 | Temple   | Became a worshipper of Fedhas Madash
  3460 | D:4      | Noticed a slave
  3461 | D:4      | Noticed Pikel
  3461 | D:4      | Noticed a slave
  3462 | D:4      | Noticed a slave
  3462 | D:4      | Noticed a slave
  3548 | D:3      | Reached XP level 6. HP: 21/47 MP: 4/8
  4072 | D:5      | Entered Level 5 of the Dungeon
  4126 | D:5      | Found a shattered altar of Ashenzari.
  4126 | D:5      | Noticed Edmund
  4154 | D:5      | Killed Edmund
  4457 | D:5      | Found a burning altar of Makhleb.
  4536 | D:5      | Reached skill level 8 in Bows
  4536 | D:5      | Reached XP level 7. HP: 34/52 MP: 10/10
  5079 | D:4      | Found a snail-covered altar of Cheibriados.
  5121 | D:4      | Found Kioratem's Gadget Shop.
  5617 | D:5      | HP: 2/52 [orc priest/nerve-wracking pain (11)]
  5631 | D:4      | HP: 2/52 [orc wizard/puff of flame (9)]
  6469 | D:6      | Found a shattered altar of Ashenzari.
  7221 | D:5      | Reached skill level 9 in Bows
  7411 | D:5      | Reached XP level 8. HP: 18/59 MP: 9/11
  7713 | D:5      | Found an ancient bone altar of Kikubaaqudgha.
  8711 | D:4      | Killed Pikel
  8711 | D:4      | Reached skill level 11 in Bows
  8815 | D:6      | Slain by a worker ant

Skill      XL: |  1  2  3  4  5  6  7  8 |
---------------+-------------------------+-----
Bows           | 3 5 6 7 8 9 11 | 11.2
Hexes          | 3 4 |  4.3
Dodging        | 2 3 4 |  4.0
Spellcasting   | 2 |  2.3
Fighting       | |  1.4
Maces & Flails | |  0.3
Stealth        | |  0.2

Action                   |  1- 3 |  4- 6 |  7- 9 || total
-------------------------+-------+-------+-------++-------
Melee: Short sword       |     1 |       |     3 ||     4
       Mace              |       |    93 |   286 ||   379
       Kick              |       |    14 |    58 ||    72
 Fire: Shortbow          |   102 |   127 |    75 ||   304
 Cast: Corona            |     7 |     9 |    32 ||    48
       Slow              |       |     5 |     3 ||     8
Invok: Fungal Bloom      |       |     1 |     9 ||    10
Evoke: Wand              |       |       |     6 ||     6
  Use: Scroll            |     1 |     1 |     4 ||     6
       Potion            |       |       |     6 ||     6
  Eat: Chunk             |     1 |     8 |     5 ||    14
       Beef jerky        |       |       |     2 ||     2
       Meat ration       |       |       |     1 ||     1
       Pizza             |       |       |     1 ||     1
Armor: Robe              |    26 |    33 |   130 ||   189
       Chain mail        |       |    35 |       ||    35
Dodge: Dodged            |    23 |    49 |   208 ||   280
